 Dungeon Sprint DCSS version 0.31-a0-876-gfe8ebadbca (webtiles) character file.

Game seed: 1960397565709438298

259 rocky1 the Nimble (level 6, -6/48 HPs)
             Began as a Djinni Gladiator on Oct 14, 2023.
             Mangled by a boulder beetle (22 damage)
             ... in the Dungeon (Sprint II: "The Violet Keep of Menkaure").
             The game lasted 00:00:34 (254 turns).

rocky1 the Nimble (Djinni Gladiator)                 Turns: 254, Time: 00:00:35

Health: -6/48      AC:  4    Str: 13    XL:     6   Next: 40%
Gold:   243        EV: 16    Int: 10    God:
                   SH:  0    Dex: 16

rFire   + + .        a - +0 long sword
rCold   x . .        (no shield)
rNeg    . . .        b - +0 leather armour
rPois   ∞            c - +0 helmet
rElec   .            (no cloak)
rCorr   .            (no gloves)
SInv    .            (boots unavailable)
Will    .....        (no amulet)
Stlth   +            (no ring)
HPRegen 0.28/turn    (no ring)
MPRegen 0.00/turn

%: no teleportation, infuse magic (-7 HP)
@: flying
A: sickness immunity, fire resistance 2, cold vulnerability 1, float, innate
caster, HP casting, extra vitality 1
a: no special abilities


You were in the Dungeon.
You visited 1 branch You collected 243 gold pieces.

Inventory:

Hand Weapons
 a - a +0 long sword (weapon)
Missiles
 d - 3 throwing nets (quivered)
 e - a javelin
Armour
 b - a +0 leather armour (worn)
 c - a +0 helmet (worn)
Scrolls
 j - a scroll of blinking
Potions
 f - a potion of curing
 g - a potion of heal wounds
 h - a potion of haste


   Skills:
 + Level 4.7 Fighting
 + Level 8.1 Long Blades
 + Level 3.2 Throwing
 + Level 0.8 Armour
 + Level 8.5 Dodging


You knew the following spells:

 Your Spells              Type           Power      Damage    Failure   Level
a - Apportation           Tloc           0%         N/A       43%         1
b - Call Imp              Summ           0%         N/A       58%         2
Your spell library was empty.

Dungeon Overview and Level Annotations

Branches:
Dungeon (1/1)

Altars:

Annotations:
D exclusion: obsidian statue


Innate Abilities, Weirdness & Mutations

You are immune to sickness and miasma.
You are immune to poison.
Your flesh is very heat resistant. (rF++)
You are vulnerable to cold. (rC-)
You float through the air rather than walking.
You learn spells naturally, not from books.
Your magical power is your life essence.
You have superior vitality. (+4 MHP)


Message History

You feel yourself speed up.
You start resting.
You recover from your berserk rage.
You start resting.
HP restored.
You start waiting.
Done waiting.
You reach down and open the door.
Marking area around an obsidian statue as unsafe for travelling.
There is an open door here.
The boulder beetle is engulfed in a cloud of scalding steam.
The boulder beetle attacks as it pursues you!
The boulder beetle bites you but does no damage.
A water moccasin comes into view.
The water moccasin hisses angrily.
You hit the boulder beetle but do no damage.
The boulder beetle is lightly wounded.
The boulder beetle closely misses you.
The water moccasin moves out of view.
You hit the boulder beetle but do no damage.
The boulder beetle is lightly wounded.
The boulder beetle bites you!!
Ouch! That really hurt!
You hit the boulder beetle but do no damage.
The boulder beetle is lightly wounded.
The boulder beetle barely misses you.
You hit the boulder beetle but do no damage.
The boulder beetle is lightly wounded.
The boulder beetle closely misses you.
You hit the boulder beetle but do no damage.
The water moccasin is engulfed in a cloud of scalding steam.
The boulder beetle barely misses you.
You hit the boulder beetle but do no damage.
The boulder beetle closely misses you.
You hit the boulder beetle but do no damage.
The boulder beetle closely misses you.
You hit the boulder beetle but do no damage.
The boulder beetle bites you!
You hit the boulder beetle but do no damage.
The boulder beetle bites you!!
You die...

##.##B..#....##
##†## .##......~
##...####~§§.§§B~
#..#..#§~~~~~~.§§
##.#.##~§§~~~~~.~
#~~##'##~§§§§§§~~~~
#~~~~~~~~S~§≈§≈~~~
#+++#+++#B≈§≈≈≈≈≈~
≈≈§§ ##@≈§###
≈≈≈°≈§ ##≈≈#
§≈≈§○8≈ §§# #≈≈≈§≈≈
§§§≈ ##§≈§≈≈§ #####
####+ S§§°§## °§≈§≈
# ≈≈≈○≈≈


You could see a boulder beetle and a water moccasin.

Vanquished Creatures
  4 necrophages (D)
4 creatures vanquished.

Vanquished Creatures (others)
  Menkaure (D)
1 creature vanquished.

Grand Total: 5 creatures vanquished

Notes
Turn   | Place    | Note
-------+----------+-------------------------------------------
     0 | D        | rocky1 the Djinni Gladiator began the quest for the Orb.
     0 | D        | Reached XP level 1. HP: 18/18 MP: 0/0
     1 | D        | Noticed a boulder beetle
     1 | D        | Noticed a boulder beetle
     5 | D        | Noticed a necrophage
     5 | D        | Noticed a necrophage
     5 | D        | Noticed a necrophage
     5 | D        | Noticed a necrophage
    14 | D        | Killed a necrophage
    15 | D        | Reached skill level 5 in Long Blades
    15 | D        | Reached XP level 2. HP: 25/25 MP: 0/0
    15 | D        | Reached XP level 3. HP: 30/30 MP: 0/0
    15 | D        | Learned a level 1 spell: Apportation
    15 | D        | Reached XP level 4. HP: 35/35 MP: 0/0
    21 | D        | Killed a necrophage
    22 | D        | Reached XP level 5. HP: 40/40 MP: 0/0
    22 | D        | Learned a level 2 spell: Call Imp
    34 | D        | Reached XP level 6. HP: 31/47 MP: 0/0
   179 | D        | Killed Menkaure
   238 | D        | Noticed an obsidian statue
   246 | D        | Noticed a water moccasin
   254 | D        | Mangled by a boulder beetle

Illustrated notes

Levels and vault maps discovered:
D:        the_violet_keep_of_menkaure [sprint2_stairs_cluster_1,
          sprint2_shoproom, sprint2_temple, sprint2_basic_supplies,
          sprint2_obstacle_3, sprint2_obstacle_5, sprint2_obstacle_2,
          sprint2_obstacle_1, sprint2_obstacle_4, sprint2_timed_cluster_1,
          sprint2_smallroom_cluster_1, sprint2_smallroom_final_cluster_1,
          sprint2_transparent_cluster_1, sprint2_second_timed_cluster_1,
          sprint2_sniper_area_1, sprint2_heavy_combat_area_1,
          sprint2_mutation_trap_area_1, sprint2_forest_area_1,
          sprint2_light_combat_area_1, sprint2_behind_water_1,
          sprint2_near_end_vault_1]

Skill      XL: |  1  2  3  4  5  6 |
---------------+-------------------+-----
Fighting       | 3 4 |  4.7
Long Blades    | 5 6 7 8 |  8.1
Throwing       | 2 3 |  3.2
Dodging        | 6 7 8 |  8.5
Armour         | |  0.8

Action                     |  1- 3 |  4- 6 || total
---------------------------+-------+-------++-------
  Melee: Long sword        |     8 |    35 ||    43
    Use: Potion            |     1 |       ||     1
 Armour: Leather armour    |     3 |    19 ||    22
  Dodge: Dodged            |     2 |    21 ||    23

Table legend: (Time is in decaauts)
 A = Elapsed time spent in this place.
 B = Non-inter-level travel time spent in this place.
 C = Inter-level travel time spent in this place.
 D = Time resting spent in this place.
 E = Time spent auto-exploring this place.
 F = Levels seen in this place.
 G = Mean time per level.
                   A        B        C        D        E       F      G
               +--------+--------+--------+--------+--------+-----+--------+
         Total |    265 |    265 |      0 |    193 |      0 |   1 |  265.0 |
       Dungeon |    265 |    265 |      0 |    193 |      0 |   1 |  265.0 |
               +--------+--------+--------+--------+--------+-----+--------+

Top non-repeatable levels by time:
       D: 265 daAuts
